[Event "I Torneo de Maestras 2019"]
[Site "Corralejo"]
[Date "2019.09.21"]
[Round "1.1"]
[White "Thomas, Anysia"]
[Black "Palma, Maria"]
[Result "1-0"]
[ECO "E04"]
[WhiteElo "2112"]
[BlackElo "2100"]
[Annotator "ChessBase"]
[PlyCount "70"]
[EventDate "2019.09.21"]
[EventType "tourn"]
[EventCountry "ESP"]
[SourceTitle "playchess.com"]
[Source "ChessBase"]
[SourceQuality "1"]
[TimeControl "5400+30"]

1. d4 d5 2. c4 e6 3. Nf3 Nf6 4. g3 dxc4 5. Bg2 Bb4+ 6. Bd2 a5 7. Qc2 Bxd2+ 8. Qxd2 b5 9. Qg5 c6 10. Qxg7 Rg8 11. Qh6 Bb7 12. Ne5 Nbd7 13. O-O Nxe5 14. dxe5 Ng4 15. Qxh7 Qg5 16. f4 Rg7 17. Qe4 Qh5 18. h3 Nh6 19. g4 Nxg4 20. hxg4 Qxg4 21. Nc3 Rb8 22. Qf3 Qh4 23. Ne4 Ke7 24. Qf2 Rh8 25. Qxh4+ Rxh4 26. Nd6 Rhg4 27. Rf2 Ba6 28. f5 R7g5 29. e4 exf5 30. exf5 f6 31. exf6+ Kxd6 32. Rd1+ Ke5 33. f7 Rxg2+ 34. Rxg2 Rxf5 35. Rf1 Kd5 1-0

[Event "I Torneo de Maestras 2019"]
[Site "Corralejo"]
[Date "2019.09.21"]
[Round "1.2"]
[White "Drljevic, Ljilja"]
[Black "Rodriguez Redondo, Adhara"]
[Result "0-1"]
[ECO "A30"]
[WhiteElo "2162"]
[BlackElo "2065"]
[Annotator "ChessBase"]
[PlyCount "126"]
[EventDate "2019.09.21"]
[EventType "tourn"]
[EventCountry "ESP"]
[SourceTitle "playchess.com"]
[Source "ChessBase"]
[SourceQuality "1"]
[TimeControl "5400+30"]

1. g3 d5 2. Bg2 e6 3. Nf3 c5 4. c4 Nf6 5. O-O Nc6 6. d3 Be7 7. Nc3 d4 8. Ne4 Nxe4 9. dxe4 e5 10. Ne1 O-O 11. f4 Be6 12. b3 f6 13. Nd3 a6 14. Qc2 Qc7 15. Ba3 b6 16. Qd2 Na5 17. f5 Bf7 18. g4 Rac8 19. Rac1 Nb7 20. e3 Qd7 21. exd4 cxd4 22. Bxe7 Qxe7 23. Nb4 a5 24. Nd5 Bxd5 25. exd5 Qc5 26. Kh1 Nd6 27. a4 Rce8 28. Rcd1 Qa3 29. Rb1 Qc5 30. Rbd1 Qa3 31. Rb1 Qc5 32. Rfd1 Re7 33. Qf2 Qc7 34. h4 h6 35. Qd2 Ree8 36. Rb2 Qc5 37. Rbb1 Qc7 38. Rdc1 Rc8 39. b4 axb4 40. Qxb4 Qd7 41. Qxb6 Nxc4 42. Rxc4 Rxc4 43. d6 Rc3 44. a5 Rd8 45. Bd5+ Kh7 46. a6 Ra3 47. Qc7 Rxa6 48. Qxd7 Rxd7 49. Rb8 g6 50. fxg6+ Kxg6 51. Be6 Raxd6 52. Bf5+ Kg7 53. Bxd7 Rxd7 54. Kg2 Kg6 55. Kf3 Kf7 56. Rb2 Ke6 57. Rd2 Kd5 58. Ra2 e4+ 59. Kf4 e3 60. Kf3 Re7 61. Ra5+ Kc4 62. Ra4+ Kc3 63. Ra2 d3 0-1

[Event "I Torneo de Maestras 2019"]
[Site "Corralejo"]
[Date "2019.09.21"]
[Round "1.3"]
[White "Sosa Suarez, Carla Cristina"]
[Black "Martinez, Ayelen"]
[Result "1-0"]
[ECO "E70"]
[WhiteElo "2069"]
[BlackElo "2169"]
[Annotator "ChessBase"]
[PlyCount "105"]
[EventDate "2019.09.21"]
[EventType "tourn"]
[EventCountry "ESP"]
[SourceTitle "playchess.com"]
[Source "ChessBase"]
[SourceQuality "1"]
[TimeControl "5400+30"]

1. d4 Nf6 2. c4 g6 3. Nc3 Bg7 4. e4 O-O 5. f3 c6 6. Be3 d5 7. e5 Ne8 8. f4 Nc7 9. Nf3 Bg4 10. h3 Bxf3 11. Qxf3 Nba6 12. a3 dxc4 13. Bxc4 b5 14. Bb3 b4 15. Ne4 Nb5 16. Qf2 bxa3 17. bxa3 Qa5+ 18. Bd2 Qb6 19. Be3 Nxa3 20. Qa2 Qb4+ 21. Nd2 Nb5 22. Qxa6 Rad8 23. O-O Qc3 24. Rfe1 Rxd4 25. Qa5 Rd3 26. Qxc3 Rxc3 27. Rac1 Rd8 28. Rxc3 Nxc3 29. Nc4 Rb8 30. Bc2 Nd5 31. Bd2 Rd8 32. g3 Nb6 33. Ba5 Rd5 34. Bxb6 axb6 35. Nxb6 Rd2 36. Be4 c5 37. Rc1 Re2 38. Bf3 Rb2 39. Nd7 h5 40. Rxc5 Bh6 41. h4 Rd2 42. Rc8+ Kg7 43. Nc5 f6 44. e6 g5 45. Re8 gxf4 46. Rxe7+ Kg6 47. Ne4 Rb2 48. Rf7 fxg3 49. Rxf6+ Kg7 50. Rf7+ Kg6 51. Nxg3 Be3+ 52. Kf1 Rb6 53. Be4+ 1-0

[Event "I Torneo de Maestras 2019"]
[Site "Corralejo"]
[Date "2019.09.21"]
[Round "1.4"]
[White "Navrotescu, Andreea-Cristiana"]
[Black "Terbe, Julianna"]
[Result "1/2-1/2"]
[ECO "B10"]
[WhiteElo "2242"]
[BlackElo "2298"]
[Annotator "ChessBase"]
[PlyCount "168"]
[EventDate "2019.09.21"]
[EventType "tourn"]
[EventCountry "ESP"]
[SourceTitle "playchess.com"]
[Source "ChessBase"]
[SourceQuality "1"]
[TimeControl "5400+30"]

1. c4 c6 2. e4 d5 3. exd5 cxd5 4. cxd5 Nf6 5. Nc3 Nxd5 6. Nf3 Nxc3 7. bxc3 g6 8. Bb5+ Nd7 9. O-O Bg7 10. d4 O-O 11. a4 Qc7 12. Ba3 Nb6 13. Re1 Bf6 14. a5 Nd5 15. Qb3 Nf4 16. Bf1 Bf5 17. c4 Ne6 18. Bb2 Rfd8 19. Qe3 a6 20. Ra2 Rac8 21. d5 Nc5 22. Nd4 Bd7 23. g3 Re8 24. Qf3 Na4 25. Ba1 Qxa5 26. Rb1 Qc7 27. Rd2 Nc5 28. Bc3 Bg7 29. Re1 e5 30. dxe6 Nxe6 31. Nxe6 Bxe6 32. Bxg7 Kxg7 33. Qc3+ Kg8 34. Rde2 Red8 35. Rxe6 fxe6 36. Bh3 Rd6 37. Bxe6+ Rxe6 38. Rxe6 Rf8 39. Qd4 Qg7 40. Qe3 Qf7 41. Re7 Qf3 42. Qxf3 Rxf3 43. Rxb7 Rc3 44. Ra7 Rxc4 45. Rxa6 Rc1+ 46. Kg2 Rc2 47. Ra7 Rb2 48. h4 Rc2 49. Kf3 Rc3+ 50. Kg2 Rc2 51. g4 Rb2 52. Kg3 Rb3+ 53. f3 Rb4 54. h5 gxh5 55. gxh5 Rc4 56. f4 h6 57. Kg4 Rc5 58. Re7 Ra5 59. Re5 Ra6 60. Rb5 Kf7 61. Rb7+ Kg8 62. Re7 Kf8 63. Rd7 Kg8 64. Rd5 Kf7 65. Kf5 Rb6 66. Rd7+ Kg8 67. Re7 Rb4 68. Re4 Rb5+ 69. Kf6 Kf8 70. f5 Rb1 71. Kg6 Rg1+ 72. Kxh6 Kf7 73. Re6 Rf1 74. Re5 Rh1 75. Kg5 Rg1+ 76. Kf4 Rf1+ 77. Kg5 Rg1+ 78. Kh6 Rh1 79. Re6 Rf1 80. Ra6 Rxf5 81. Ra7+ Kg8 82. Kg6 Rf8 83. h6 Rb8 84. Ra6 Rc8 1/2-1/2

[Event "I Torneo de Maestras 2019"]
[Site "Corralejo"]
[Date "2019.09.21"]
[Round "1.5"]
[White "Guillo Longares, Cecilia"]
[Black "Safranska, Anda"]
[Result "0-1"]
[ECO "E63"]
[WhiteElo "1960"]
[BlackElo "2139"]
[Annotator "ChessBase"]
[PlyCount "188"]
[EventDate "2019.09.21"]
[EventType "tourn"]
[EventCountry "ESP"]
[SourceTitle "playchess.com"]
[Source "ChessBase"]
[SourceQuality "1"]
[TimeControl "5400+30"]

1. d4 d6 2. Nf3 g6 3. g3 Bg7 4. Bg2 Nf6 5. c4 O-O 6. O-O Nc6 7. Nc3 Rb8 8. b3 a6 9. d5 Na5 10. Bg5 h6 11. Bd2 c5 12. dxc6 Nxc6 13. Rc1 Bd7 14. Nd5 Ne4 15. Be3 b5 16. Nd4 Nxd4 17. Bxd4 Ng5 18. c5 Bxd4 19. Qxd4 Ne6 20. Qh4 Nxc5 21. Nxe7+ Kh7 22. b4 g5 23. Qd4 Qxe7 24. bxc5 dxc5 25. Rxc5 Be6 26. Be4+ Kg8 27. Qe3 Rfe8 28. Bc6 Rec8 29. Rfc1 Qf6 30. Qa3 Bc4 31. Bb7 Rxc5 32. Qxc5 Rd8 33. Qe3 Bxa2 34. Qa3 Bc4 35. Qxa6 Qxa6 36. Bxa6 Bxe2 37. Re1 Bc4 38. Rc1 g4 39. Rxc4 bxc4 40. Bxc4 Kg7 41. Kg2 Rd2 42. Kf1 f5 43. Ke1 Rb2 44. Bd3 Kf6 45. Kf1 Ke5 46. Kg2 Rd2 47. Bb5 f4 48. gxf4+ Kxf4 49. Be8 Rd3 50. Bf7 Rh3 51. Bd5 Ra3 52. Bf7 Ra7 53. Be6 Re7 54. Bc8 Re2 55. Bd7 h5 56. Bb5 Rb2 57. Bd7 h4 58. Bc6 g3 59. hxg3+ hxg3 60. Kf1 Rxf2+ 61. Kg1 Rd2 62. Bb7 Rd7 63. Bc6 Rd1+ 64. Kg2 Rd2+ 65. Kg1 Kg4 66. Bb7 Rc2 67. Be4 Rc5 68. Kg2 Kf4 69. Bb7 Rc2+ 70. Kg1 Ke3 71. Bd5 Rc5 72. Bb7 Kf4 73. Kg2 Kg4 74. Bf3+ Kh4 75. Be4 Re5 76. Bf3 Re3 77. Bc6 Re2+ 78. Kg1 Rb2 79. Be4 Rf2 80. Bc6 Kg5 81. Bd5 Rd2 82. Bb7 Kf5 83. Bc8+ Kf4 84. Bb7 Ra2 85. Bd5 Rc2 86. Bb7 g2 87. Kh2 Rc7 88. Bxg2 Rh7+ 89. Kg1 Kg3 90. Bd5 Rd7 91. Bb3 Rb7 92. Bc2 Rc7 93. Bd3 Rc1+ 94. Bf1 Ra1 0-1

[Event "I Torneo de Maestras 2019"]
[Site "Corralejo"]
[Date "2019.09.22"]
[Round "2.1"]
[White "Palma, Maria"]
[Black "Safranska, Anda"]
[Result "0-1"]
[ECO "B06"]
[WhiteElo "2100"]
[BlackElo "2139"]
[Annotator "NA"]
[PlyCount "92"]
[EventDate "2019.09.21"]
[EventType "tourn"]
[EventCountry "ESP"]
[SourceTitle "playchess.com"]
[Source "ChessBase"]
[SourceQuality "1"]
[TimeControl "5400+30"]

1. d4 d6 2. e4 g6 3. Nc3 Bg7 4. f4 a6 5. Nf3 b5 6. Be3 Bb7 7. a3 Nd7 8. d5 c5 9. dxc6 Bxc6 10. Nd4 Bb7 11. Be2 Ngf6 12. Bf3 e5 13. Nde2 Qc7 14. O-O O-O 15. Qd2 exf4 16. Bxf4 Ne5 17. Rad1 Rad8 18. Kh1 Nc4 19. Qc1 Rfe8 20. b3 Ne5 21. h3 Nxf3 22. gxf3 Nh5 23. Rd3 Be5 24. Bxe5 dxe5 25. Rfd1 Rxd3 26. Rxd3 Qe7 27. Kh2 Bc8 28. Nd5 Qh4 29. Qf1 f5 30. Qg2 Rf8 31. exf5 Bxf5 32. Re3 Bxc2 33. Rxe5 Kh8 34. b4 Bd1 35. Qg4 Qf2+ 36. Qg2 Rxf3 37. Re8+ Kg7 38. Ndc3 Bxe2 39. Nxe2 Qxg2+ 40. Kxg2 Rxa3 41. Re4 Kf6 42. Nd4 h6 43. Re6+ Kf7 44. Re4 g5 45. Nf3 Nf4+ 46. Kg3 Nxh3 0-1

[Event "I Torneo de Maestras 2019"]
[Site "Corralejo"]
[Date "2019.09.22"]
[Round "2.2"]
[White "Terbe, Julianna"]
[Black "Guillo Longares, Cecilia"]
[Result "1-0"]
[ECO "B36"]
[WhiteElo "2298"]
[BlackElo "1960"]
[Annotator "NA"]
[PlyCount "51"]
[EventDate "2019.09.21"]
[EventType "tourn"]
[EventCountry "ESP"]
[SourceTitle "playchess.com"]
[Source "ChessBase"]
[SourceQuality "1"]
[TimeControl "5400+30"]

1. e4 c5 2. Nf3 Nc6 3. d4 cxd4 4. Nxd4 g6 5. c4 Nf6 6. Nc3 Nxd4 7. Qxd4 d6 8. Be2 Bg7 9. Bg5 O-O 10. Qd2 a5 11. Rd1 Be6 12. b3 Qc7 13. O-O a4 14. Nb5 Qc8 15. Qf4 axb3 16. axb3 Ra2 17. Bf3 $11 Rb2 18. Nxd6 exd6 19. Bxf6 Bxf6 20. Qxf6 Rxb3 21. Rxd6 Qxc4 22. Rfd1 Qb4 23. Rd8 Rb1 24. Rxf8+ Kxf8 25. Qh8+ Ke7 26. Qd8# 1-0

[Event "I Torneo de Maestras 2019"]
[Site "Corralejo"]
[Date "2019.09.22"]
[Round "2.3"]
[White "Martinez, Ayelen"]
[Black "Navrotescu, Andreea-Cristiana"]
[Result "0-1"]
[ECO "C18"]
[WhiteElo "2169"]
[BlackElo "2242"]
[Annotator "NA"]
[PlyCount "74"]
[EventDate "2019.09.21"]
[EventType "tourn"]
[EventCountry "ESP"]
[SourceTitle "playchess.com"]
[Source "ChessBase"]
[SourceQuality "1"]
[TimeControl "5400+30"]

1. e4 e6 2. d4 d5 3. Nc3 Bb4 4. e5 c5 5. a3 Bxc3+ 6. bxc3 Ne7 7. Qg4 cxd4 8. Qxg7 Rg8 9. Qxh7 Qc7 10. Ne2 dxc3 11. f4 Nbc6 12. h4 b6 13. Qd3 d4 14. h5 Bb7 15. h6 O-O-O 16. h7 Rh8 17. Rh6 Nd5 18. Rb1 Qe7 19. g4 Kb8 20. g5 Nc7 21. Ng3 Ba6 22. Qe4 Bxf1 23. Kxf1 d3 24. cxd3 c2 25. Rb2 Nd4 26. a4 Qc5 27. Rh3 Nd5 28. Ne2 Nc3 29. Nxc3 Qxc3 30. Qe1 Qc6 31. a5 Rxh7 32. Rxh7 Qf3+ 33. Kg1 Qxd3 34. Qe3 Qxh7 35. axb6 a6 36. Qa3 Ne2+ 37. Kg2 Nxc1 0-1

[Event "I Torneo de Maestras 2019"]
[Site "Corralejo"]
[Date "2019.09.22"]
[Round "2.4"]
[White "Rodriguez Redondo, Adhara"]
[Black "Sosa Suarez, Carla Cristina"]
[Result "1/2-1/2"]
[ECO "B51"]
[WhiteElo "2065"]
[BlackElo "2069"]
[Annotator "NA"]
[PlyCount "52"]
[EventDate "2019.09.21"]
[EventType "tourn"]
[EventCountry "ESP"]
[SourceTitle "playchess.com"]
[Source "ChessBase"]
[SourceQuality "1"]
[TimeControl "5400+30"]

1. e4 c5 2. Nf3 d6 3. Bb5+ Nd7 4. d4 cxd4 5. Qxd4 a6 6. Bxd7+ Bxd7 7. c4 e5 8. Qd3 b5 9. Nc3 bxc4 10. Qxc4 Be6 11. Qd3 h6 12. O-O Nf6 13. Rd1 Nd7 14. Ne1 Be7 15. Qg3 g6 16. Nc2 Nc5 17. Ne3 Bh4 18. Qf3 h5 19. h3 O-O 20. b4 Nb7 21. Ned5 f5 22. g3 Be7 23. Be3 Rc8 24. Rac1 Bg5 25. Kh2 Rf7 26. Qg2 Bxe3 1/2-1/2

[Event "I Torneo de Maestras 2019"]
[Site "Corralejo"]
[Date "2019.09.22"]
[Round "2.5"]
[White "Thomas, Anysia"]
[Black "Drljevic, Ljilja"]
[Result "1-0"]
[ECO "D85"]
[WhiteElo "2112"]
[BlackElo "2162"]
[Annotator "NA"]
[PlyCount "63"]
[EventDate "2019.09.21"]
[EventType "tourn"]
[EventCountry "ESP"]
[SourceTitle "playchess.com"]
[Source "ChessBase"]
[SourceQuality "1"]
[TimeControl "5400+30"]

1. d4 Nf6 2. c4 g6 3. Nc3 d5 4. cxd5 Nxd5 5. e4 Nxc3 6. bxc3 Bg7 7. Be3 c5 8. Nf3 O-O 9. Be2 Qa5 10. O-O Nd7 11. Qc2 Nb6 12. Rab1 Bd7 13. dxc5 Na4 14. Rxb7 Bc6 15. Rxe7 Nxc3 16. Bc4 Ba4 17. Bb3 Bb5 18. Re1 Rac8 19. Rxf7 Rxf7 20. Bxf7+ Kf8 21. Bb3 Qb4 22. Ng5 Be5 23. f4 Nxe4 24. Ne6+ Ke7 25. Bf2 Nxf2 26. Kxf2 Bf6 27. Re4 Qa5 28. Ng5+ Kf8 29. Nxh7+ Kg7 30. Nxf6 Bc6 31. Re7+ Kxf6 32. Rf7# 1-0

[Event "I Torneo de Maestras 2019"]
[Site "Corralejo"]
[Date "2019.09.22"]
[Round "3.1"]
[White "Drljevic, Ljilja"]
[Black "Palma, Maria"]
[Result "1-0"]
[ECO "A00"]
[WhiteElo "2162"]
[BlackElo "2100"]
[Annotator "ChessBase"]
[PlyCount "95"]
[EventDate "2019.09.21"]
[EventType "tourn"]
[EventCountry "ESP"]
[SourceTitle "playchess.com"]
[Source "ChessBase"]
[SourceQuality "1"]
[TimeControl "5400+30"]

1. b4 d5 2. Bb2 Nf6 3. Nf3 Bf5 4. e3 e6 5. a3 Nbd7 6. Be2 Bd6 7. Nh4 Bg6 8. Nxg6 hxg6 9. h3 e5 10. d3 c6 11. Nd2 a5 12. c3 O-O 13. O-O Qe7 14. Qc2 d4 15. bxa5 dxe3 16. fxe3 Nd5 17. Nc4 Bc7 18. Bc1 Bxa5 19. Nxa5 Rxa5 20. c4 Qc5 21. Qd2 Nf4 22. Bf3 Ne6 23. Rb1 Ra7 24. Bb2 Rd8 25. Qf2 Nf6 26. Be2 Qa5 27. Rfd1 b6 28. Qg3 Nd7 29. Bg4 Nef8 30. Bf3 Qc5 31. Qf2 Nf6 32. Be2 Qe7 33. Bc3 Qc7 34. Bf3 Rxa3 35. Qb2 Ra6 36. Bxe5 Qe7 37. Bxc6 N8d7 38. Bd4 Nc5 39. Bf3 Ne8 40. Qb5 Nc7 41. Qb2 N7e6 42. Bd5 Nxd4 43. Qxd4 Qc7 44. Rf1 Rf8 45. Rxf7 Rxf7 46. Rf1 Nb3 47. Bxf7+ Qxf7 48. Qd8+ 1-0

[Event "I Torneo de Maestras 2019"]
[Site "Corralejo"]
[Date "2019.09.22"]
[Round "3.2"]
[White "Sosa Suarez, Carla Cristina"]
[Black "Thomas, Anysia"]
[Result "0-1"]
[ECO "B12"]
[WhiteElo "2069"]
[BlackElo "2112"]
[Annotator "ChessBase"]
[PlyCount "122"]
[EventDate "2019.09.21"]
[EventType "tourn"]
[EventCountry "ESP"]
[SourceTitle "playchess.com"]
[Source "ChessBase"]
[SourceQuality "1"]
[TimeControl "5400+30"]

1. e4 c6 2. d4 g6 3. h4 d5 4. e5 c5 5. h5 Nh6 6. hxg6 hxg6 7. dxc5 Nc6 8. Bf4 Bg7 9. Bb5 Bd7 10. Bxc6 Bxc6 11. Nf3 Nf5 12. Rxh8+ Bxh8 13. c3 Qd7 14. Na3 Ng7 15. Nd4 Ne6 16. Nxe6 Qxe6 17. Qe2 Qf5 18. Qe3 O-O-O 19. O-O-O g5 20. Bg3 Qg6 21. Nc2 Ba4 22. b3 Bc6 23. Nd4 Bg7 24. Kb2 e6 25. Qe2 Qe4 26. Qxe4 dxe4 27. Kc2 Kc7 28. c4 e3 29. fxe3 Be4+ 30. Kc1 a6 31. Nf3 Rxd1+ 32. Kxd1 g4 33. Nh2 Bxg2 34. Kd2 Bh3 35. a3 Bf8 36. b4 Kc6 37. Kd3 Bh6 38. Bh4 a5 39. Ke2 Bg7 40. Bf6 Bf8 41. Kf2 axb4 42. axb4 b6 43. cxb6 Bxb4 44. Bd8 Bc5 45. Kg3 f5 46. Kf2 Bxb6 47. Be7 Bc7 48. Bf6 Kc5 49. Kg3 Kxc4 50. Kf4 Ba5 51. Bh4 Kd3 52. Bf2 Ke2 53. Bg1 Bd8 54. e4 Bh4 55. exf5 exf5 56. e6 Be7 57. Kxf5 g3+ 58. Ke5 Bc5 59. Bxc5 gxh2 60. e7 Bd7 61. Kd6 Ba4 0-1

[Event "I Torneo de Maestras 2019"]
[Site "Corralejo"]
[Date "2019.09.22"]
[Round "3.3"]
[White "Navrotescu, Andreea-Cristiana"]
[Black "Rodriguez Redondo, Adhara"]
[Result "1-0"]
[ECO "E05"]
[WhiteElo "2242"]
[BlackElo "2065"]
[Annotator "ChessBase"]
[PlyCount "111"]
[EventDate "2019.09.21"]
[EventType "tourn"]
[EventCountry "ESP"]
[SourceTitle "playchess.com"]
[Source "ChessBase"]
[SourceQuality "1"]
[TimeControl "5400+30"]

1. d4 d5 2. c4 e6 3. Nf3 Nf6 4. g3 Be7 5. Bg2 O-O 6. O-O dxc4 7. Qc2 a6 8. a4 Bd7 9. Ne5 Bc6 10. Nxc6 Nxc6 11. e3 Nd5 12. Qxc4 Na5 13. Qc2 Rc8 14. Nc3 Nb4 15. Qe2 c5 16. d5 exd5 17. Nxd5 Nxd5 18. Rd1 Qb6 19. Bxd5 Nb3 20. Rb1 Bf6 21. Bd2 Nxd2 22. Rxd2 Rc7 23. Bc4 Qc6 24. b3 Rd7 25. Rxd7 Qxd7 26. Rd1 Qc7 27. Qf3 Rd8 28. Rxd8+ Bxd8 29. Qd5 a5 30. f4 Bf6 31. g4 g6 32. g5 Bg7 33. h4 Qe7 34. Kf2 Bc3 35. Kf3 Qc7 36. e4 Bd4 37. Kg3 Qe7 38. e5 Bc3 39. Kf3 Bd4 40. Qe4 Bc3 41. Bd5 Ba1 42. h5 gxh5 43. g6 Qh4 44. gxf7+ Kf8 45. Ke2 Qh2+ 46. Qg2 Qxg2+ 47. Bxg2 Kxf7 48. Bxb7 Bc3 49. Kd3 Bb4 50. f5 h4 51. Bd5+ Kf8 52. f6 h3 53. Kc4 Ke8 54. e6 h2 55. Bc6+ Kd8 56. e7+ 1-0

[Event "I Torneo de Maestras 2019"]
[Site "Corralejo"]
[Date "2019.09.23"]
[Round "4.1"]
[White "Palma, Maria"]
[Black "Terbe, Julianna"]
[Result "0-1"]
[ECO "D52"]
[WhiteElo "2100"]
[BlackElo "2298"]
[Annotator "ChessBase"]
[PlyCount "62"]
[EventDate "2019.09.21"]
[EventType "tourn"]
[EventCountry "ESP"]
[SourceTitle "playchess.com"]
[Source "ChessBase"]
[SourceQuality "1"]
[TimeControl "5400+30"]

1. d4 d5 2. c4 c6 3. Nc3 Nf6 4. Nf3 e6 5. Bg5 Nbd7 6. e3 h6 7. Bf4 g5 8. Bg3 Nh5 9. Bd3 Nxg3 10. hxg3 Bg7 11. O-O h5 12. e4 dxc4 13. Be2 g4 14. Nh4 Bf6 15. d5 Ne5 16. dxc6 Qxd1 17. Rfxd1 bxc6 18. f4 Nd3 19. Bxd3 Bd4+ 20. Kh2 cxd3 21. Rxd3 Bb6 22. e5 Ba6 23. Rd6 Rd8 24. Ne4 Ke7 25. Rc1 Bd3 26. Rxd8 Rxd8 27. Nf6 c5 28. Nxh5 c4 29. Nf6 Bd4 30. b3 c3 31. Nxg4 c2 0-1

[Event "I Torneo de Maestras 2019"]
[Site "Corralejo"]
[Date "2019.09.23"]
[Round "4.2"]
[White "Martinez, Ayelen"]
[Black "Safranska, Anda"]
[Result "1/2-1/2"]
[ECO "B06"]
[WhiteElo "2169"]
[BlackElo "2139"]
[Annotator "ChessBase"]
[PlyCount "101"]
[EventDate "2019.09.21"]
[EventType "tourn"]
[EventCountry "ESP"]
[SourceTitle "playchess.com"]
[Source "ChessBase"]
[SourceQuality "1"]
[TimeControl "5400+30"]

1. e4 g6 2. d4 Bg7 3. Nc3 c6 4. Nf3 d6 5. Be3 b5 6. Bd3 Nd7 7. a4 b4 8. Ne2 a5 9. Qd2 Ba6 10. O-O Ngf6 11. Bh6 O-O 12. Ng3 Bxd3 13. cxd3 e5 14. Bxg7 Kxg7 15. Qg5 Ne8 16. Nf5+ Kh8 17. Qxd8 Rxd8 18. Ne7 c5 19. dxe5 Nxe5 20. Nxe5 dxe5 21. Nc6 Rxd3 22. Nxe5 Rd4 23. f3 Nc7 24. Rf2 Rd6 25. Nc4 Ra6 26. Rd1 Ne6 27. Rd7 Kg8 28. Rd5 Rc8 29. f4 Rc7 30. g4 h6 31. h4 Nd4 32. Kg2 Kh7 33. Kh3 f6 34. e5 f5 35. g5 hxg5 36. hxg5 Kg7 37. Nd6 Ra8 38. Kg3 Rd8 39. Rh2 Ne6 40. Kf3 Nd4+ 41. Ke3 Ne6 42. Rd1 c4 43. Rc1 c3 44. Rch1 Nf8 45. bxc3 Rxc3+ 46. Kd4 Ne6+ 47. Kd5 Nxf4+ 48. Kd4 Ne6+ 49. Kd5 Nxg5 50. Rg2 Ne4 51. Ke6 1/2-1/2

[Event "I Torneo de Maestras 2019"]
[Site "Corralejo"]
[Date "2019.09.23"]
[Round "4.3"]
[White "Rodriguez Redondo, Adhara"]
[Black "Guillo Longares, Cecilia"]
[Result "1/2-1/2"]
[ECO "B36"]
[WhiteElo "2065"]
[BlackElo "1960"]
[Annotator "NA"]
[PlyCount "167"]
[EventDate "2019.09.21"]
[EventType "tourn"]
[EventCountry "ESP"]
[SourceTitle "playchess.com"]
[Source "ChessBase"]
[SourceQuality "1"]
[TimeControl "5400+30"]

1. e4 c5 2. Nf3 Nc6 3. d4 cxd4 4. Nxd4 g6 5. c4 Nf6 6. Nc3 Nxd4 7. Qxd4 d6 8. f3 Bg7 9. Be3 O-O 10. Qd2 a5 11. Na4 Nd7 12. O-O-O Qc7 13. Kb1 Qc6 14. Qc2 Nc5 15. Nxc5 dxc5 16. h4 Ra6 17. Rd5 b6 18. h5 a4 19. a3 Be6 20. Rd1 Qc7 21. hxg6 fxg6 22. Qf2 Rf7 23. f4 Ra8 24. Bd3 b5 25. cxb5 $16 c4 26. Rc1 Rc8 27. Bd4 Rxf4 28. Qe3 Be5 29. b6 Qd6 30. Bxe5 Qxe5 31. b7 Rb8 32. Bxc4 Bxc4 33. Rxc4 Rxb7 34. Qe2 Qb5 35. Qc2 Qb3 36. Re1 Qxa3 37. Rc8+ Kg7 38. Rc3 Qb4 39. Rc1 Qxe4 40. Rd3 Qb4 41. Ka1 Rc4 42. Rc3 Rxc3 43. Qxc3+ Qxc3 44. Rxc3 e5 45. Rc4 Ra7 46. Ka2 Kf6 47. Ka3 Kf5 48. g4+ Kf6 49. Kb4 Kg5 50. Re4 Kf6 51. Rc4 Ra6 52. Kb5 Ra8 53. Kb4 Rb8+ 54. Kc3 Ra8 55. Kb4 Kg5 56. Re4 Rb8+ 57. Kc3 Rb3+ 58. Kc2 Rg3 59. Rxe5+ Kf4 60. Ra5 Rxg4 61. Rxa4+ Kf5 62. b4 h5 63. Ra5+ Ke6 64. b5 Kd6 65. Ra1 Kc5 66. Rb1 Kb6 67. Kd3 h4 68. Ke3 g5 69. Kf3 Rg3+ 70. Kf2 g4 71. Rb4 Rf3+ 72. Ke2 Rg3 73. Kf2 Kc5 74. Rb1 Rf3+ 75. Kg2 h3+ 76. Kh2 Rf2+ 77. Kg1 g3 78. b6 Rf8 79. b7 Rb8 80. Rb3 h2+ 81. Kg2 Rh8 82. Rb1 Rb8 83. Kxg3 Rxb7 84. Rc1+ 1/2-1/2

[Event "I Torneo de Maestras 2019"]
[Site "Corralejo"]
[Date "2019.09.23"]
[Round "4.4"]
[White "Thomas, Anysia"]
[Black "Navrotescu, Andreea-Cristiana"]
[Result "1-0"]
[ECO "A40"]
[WhiteElo "2112"]
[BlackElo "2242"]
[Annotator "ChessBase"]
[PlyCount "87"]
[EventDate "2019.09.21"]
[EventType "tourn"]
[EventCountry "ESP"]
[SourceTitle "playchess.com"]
[Source "ChessBase"]
[SourceQuality "1"]
[TimeControl "5400+30"]

1. d4 e6 2. c4 b6 3. e4 Bb7 4. Bd3 f5 5. exf5 Bb4+ 6. Kf1 Nf6 7. Nf3 O-O 8. a3 Be7 9. Nc3 exf5 10. Bxf5 a6 11. Bg5 Qe8 12. Bxf6 Bxf6 13. Qd3 Qh5 14. Be4 Nc6 15. Nd5 Bd8 16. h4 Kh8 17. Kg1 b5 18. b3 Na5 19. Ng5 bxc4 20. bxc4 c6 21. Ne3 g6 22. c5 Qh6 23. Ng4 Qg7 24. Ne5 Bf6 25. Qc3 Rae8 26. Qxa5 Bxe5 27. dxe5 Qxe5 28. Re1 d5 29. Qb4 Bc8 30. Nf3 Qf6 31. Bd3 Bf5 32. Bxf5 Qxf5 33. Kh2 Re4 34. Rxe4 dxe4 35. Qd4+ Kg8 36. Ng5 Qf4+ 37. Kh3 h6 38. Nxe4 g5 39. g3 Qf5+ 40. Kh2 gxh4 41. Rg1 h3 42. g4 Qd5 43. Nf6+ Rxf6 44. Qxf6 1-0

[Event "I Torneo de Maestras 2019"]
[Site "Corralejo"]
[Date "2019.09.23"]
[Round "4.5"]
[White "Drljevic, Ljilja"]
[Black "Sosa Suarez, Carla Cristina"]
[Result "1-0"]
[ECO "B50"]
[WhiteElo "2162"]
[BlackElo "2069"]
[Annotator "ChessBase"]
[PlyCount "145"]
[EventDate "2019.09.21"]
[EventType "tourn"]
[EventCountry "ESP"]
[SourceTitle "playchess.com"]
[Source "ChessBase"]
[SourceQuality "1"]
[TimeControl "5400+30"]

1. e4 c5 2. Nf3 d6 3. b3 e5 4. Bb2 Nc6 5. Bc4 a6 6. a4 g6 7. Nc3 Bg7 8. h4 Bg4 9. Nd5 Nd4 10. h5 Nxf3+ 11. gxf3 Bxh5 12. Rxh5 gxh5 13. f4 Nf6 14. fxe5 Nxd5 15. Qxh5 Qe7 16. Bxd5 Bxe5 17. Bxe5 dxe5 18. O-O-O O-O-O 19. Qf5+ Kb8 20. Rh1 f6 21. Rh6 Rd6 22. Rh3 b5 23. b4 cxb4 24. axb5 axb5 25. Rb3 Ra6 26. c3 Ra1+ 27. Kc2 Rc8 28. Kd3 Ra3 29. Rb1 Rd8 30. Ke2 Ra4 31. Rb2 Ka7 32. Rb1 bxc3 33. dxc3 b4 34. cxb4 Qd7 35. Qxf6 Qb5+ 36. Ke1 Rc8 37. Qe7+ Kb8 38. Qxe5+ Ka7 39. Qe7+ Kb8 40. Qd6+ Ka7 41. Qe7+ Kb8 42. Qe5+ Ka7 43. Qd4+ Kb8 44. f3 Rc2 45. Qh8+ Kc7 46. Qe5+ Kd8 47. Qd6+ Ke8 48. Qe6+ Kd8 49. Qg8+ Kc7 50. Qf7+ Kd8 51. Qf6+ Kc7 52. Qe7+ Qd7 53. Qxd7+ Kxd7 54. Bb3 Rh2 55. Bxa4+ Ke7 56. Rd1 h5 57. Rd2 Rh1+ 58. Kf2 h4 59. Kg2 Rb1 60. Bc2 Rxb4 61. Kh3 Kf6 62. Kxh4 Ke5 63. Kg5 Rb8 64. f4+ Ke6 65. f5+ Kf7 66. Rd7+ Kf8 67. e5 Rb6 68. e6 Rc6 69. Kf6 Kg8 70. Be4 Rb6 71. Rd8+ Kh7 72. Kf7 Rb4 73. e7 1-0

[Event "I Torneo de Maestras 2019"]
[Site "Corralejo"]
[Date "2019.09.24"]
[Round "5.1"]
[White "Sosa Suarez, Carla Cristina"]
[Black "Palma, Maria"]
[Result "1-0"]
[ECO "B30"]
[WhiteElo "2069"]
[BlackElo "2100"]
[Annotator "ChessBase"]
[PlyCount "89"]
[EventDate "2019.09.21"]
[EventType "tourn"]
[EventCountry "ESP"]
[SourceTitle "playchess.com"]
[Source "ChessBase"]
[SourceQuality "1"]
[TimeControl "5400+30"]

1. e4 c5 2. b4 cxb4 3. Nf3 Nc6 4. Bb2 d6 5. d4 Nf6 6. d5 Nb8 7. Bd3 g6 8. a3 bxa3 9. Nxa3 Bg7 10. Nc4 Nbd7 11. Ra3 O-O 12. Qa1 a6 13. O-O Nh5 14. Nd4 Nf4 15. Re1 Nxd3 16. Rxd3 Ne5 17. Nxe5 Bxe5 18. Qc1 Bg7 19. Bc3 Bd7 20. Bd2 Qc7 21. Bh6 b5 22. Nf5 Bxf5 23. exf5 f6 24. h4 Rac8 25. Qe3 Rf7 26. fxg6 hxg6 27. c3 Kh7 28. Bxg7 Rxg7 29. Qf4 Qc4 30. Qd2 a5 31. h5 g5 32. Rde3 Rc7 33. Qc2+ Kh6 34. Qf5 Qf4 35. Qd3 b4 36. cxb4 axb4 37. Re4 Qf5 38. g4 Qc8 39. Rxb4 Rc3 40. Qe4 Qc7 41. Kg2 Rc2 42. Re2 Rc1 43. Reb2 Qc3 44. Rb8 f5 45. Qxf5 1-0